 Dungeon Crawl Stone Soup version 0.23.0 (webtiles) character file.

Game seed: 3767844687102125926

87 Gargoyl the Skirmisher (level 4, -3/41 HPs)
             Began as a Centaur Abyssal Knight on Feb 12, 2019.
             Was a Follower of Lugonu.
             Slain by a thrashing horror (5 damage)
             ... on level 1 of the Abyss.
             The game lasted 00:00:42 (232 turns).

Gargoyl the Skirmisher (Centaur Abyssal Knight)      Turns: 232, Time: 00:00:43

Health: -3/41      AC:  4    Str: 15    XL:     4   Next: 28%
Magic:  5/5        EV:  9    Int: 11    God:    Lugonu [*.....]
Gold:   36         SH:  0    Dex:  9    Spells: 3/3 levels left

rFire    . . .     SeeInvis .   a - +1 hand axe
rCold    . . .     Gourm    .   (no shield)
rNeg     . . .     Faith    .   b - +0 leather armour
rPois    .         Spirit   .   (no helmet)
rElec    .         Reflect  .   (no cloak)
rCorr    .         Harm     .   (no gloves)
MR       .....                  (no barding)
Stlth    ..........             (no amulet)
HPRegen  0.13/turn              (no ring)
MPRegen  0.09/turn              (no ring)

@: about to teleport, very quick
A: large, hooves 3, deformed body, speed 2, tough skin 3
a: Depart the Abyss, Renounce Religion


You were on level 1 of the Abyss.
You worshipped Lugonu.
Lugonu was aware of your devotion.
You were not hungry.

You visited 0 branches of the dungeon, and saw 0 of its levels.
You visited the Abyss 1 time.

You collected 36 gold pieces.

Inventory:

Hand Weapons
 a - a +1 hand axe (weapon)
Armour
 b - a +0 leather armour (worn)
Scrolls
 d - a scroll of teleportation
Potions
 e - a potion of might {unknown}
Comestibles
 c - a ration


   Skills:
 + Level 4.3 Fighting
 + Level 2.3 Axes
 + Level 1.8 Armour
 + Level 0.7 Dodging
 + Level 2.4 Invocations


You had 3 spell levels left.
You didn't know any spells.
Your spell library was empty.

Dungeon Overview and Level Annotations

Branches:
Dungeon (0/15)

Altars:


Innate Abilities, Weirdness & Mutations

You have hooves in place of feet.
Armour fits poorly on your strangely shaped body.
You cover ground very quickly.
You have extremely tough skin. (AC +3)


Message History

The thrashing horror roars!
The thrashing horror tramples you!
You hold your ground!
The thrashing horror tramples you.
You hold your ground!
The thrashing horror roars!
The thrashing horror tramples you!
You hold your ground!
The thrashing horror closely misses you.
The thrashing horror roars!
The thrashing horror barely misses you.
The thrashing horror closely misses you.
The thrashing horror roars!
The thrashing horror tramples you!
* * * LOW HITPOINT WARNING * * *
You stumble backwards!
The thrashing horror tramples you.
* * * LOW HITPOINT WARNING * * *
You stumble backwards!
The thrashing horror roars!
The thrashing horror tramples you but does no damage.
The thrashing horror tramples you.
You die...

.
.###.#..#.#...###...#
.#.#.#.## ###.#.....#
..#..#
.#.#.....###..# .#
........#.# # # ..
##.....##...## .#.#.
####.# #.##.# # .# .
#. #.#..# #. #X...#
#@#.#.# #........#
#.....#......#
#..#.####..#..# #. #.
#..##. . #... . #...
.. ##.


You could see a thrashing horror.

Vanquished Creatures
  An eye of draining (Abyss:1)
1 creature vanquished.

Notes
Turn   | Place    | Note
-------+----------+-------------------------------------------
     0 | Abyss:1  | Gargoyl the Centaur Abyssal Knight began the quest for the
                  | Orb.
     0 | Abyss:1  | Reached XP level 1. HP: 19/19 MP: 2/2
    21 | Abyss:1  | Noticed a large abomination
    68 | Abyss:1  | Noticed an eye of draining
    90 | Abyss:1  | Killed an eye of draining
    90 | Abyss:1  | Reached skill level 4 in Fighting
    90 | Abyss:1  | Reached XP level 2. HP: 28/28 MP: 1/3
    90 | Abyss:1  | Reached XP level 3. HP: 34/34 MP: 1/4
    90 | Abyss:1  | Reached XP level 4. HP: 41/41 MP: 1/5
   213 | Abyss:1  | Noticed a thrashing horror
   223 | Abyss:1  | Noticed a large abomination
   231 | Abyss:1  | HP: 2/41 [thrashing horror (2)]
   232 | Abyss:1  | Slain by a thrashing horror

Skill      XL: |  1 |
---------------+----+-----
Fighting       | 4 |  4.3
Axes           | 2 |  2.3
Armour         | |  1.8
Dodging        | |  0.7
Invocations    | |  2.4

Action                   |  1- 3 |  4- 6 || total
-------------------------+-------+-------++-------
Melee: Hand axe          |    13 |       ||    13
       Kick              |     6 |       ||     6
  Use: Scroll            |       |     1 ||     1
Armor: Leather armour    |       |     2 ||     2
Dodge: Dodged            |       |     3 ||     3
